 Dungeon Crawl Stone Soup version 0.28-a0-779-g3d1f99b579 (webtiles) character file.

Game seed: 14685258734310067506

292 gimp the Poker (level 6, 0/78 HPs)
             Began as a Merfolk Fighter on July 31, 2021.
             Slain by an ogre (14 damage)
             ... on level 4 of the Dungeon on Nov 2, 2021.
             The game lasted 00:08:03 (3260 turns).

gimp the Poker (Merfolk Fighter)                    Turns: 3260, Time: 00:08:04

Health: 0/78       AC:  8    Str: 18    XL:     6   Next: 33%
Magic:  6/6        EV:  8    Int:  7    God:
Gold:   86         SH: 10    Dex: 20    Spells: 5/5 levels left

rFire   . . .      SeeInvis .   a - +0 trident
rCold   . . .      Faith    .   c - +0 kite shield
rNeg    . . .      Spirit   .   t - +0 chain mail {rPois}
rPois   +          Reflect  .   f - +0 hat
rElec   .          Harm     .   (no cloak)
rCorr   .          Rampage  .   (no gloves)
Will    .....                   (no boots)
Stlth   ..........              (no amulet)
HPRegen 0.23/turn               h - +6 ring of dexterity
MPRegen 0.10/turn               q - +4 ring of evasion

@: brilliant, berserking, very quick
A: (nimble swimmer 2), mertail
a: no special abilities


You were on level 4 of the Dungeon.
You visited 1 branch of the dungeon, and saw 5 of its levels.

You collected 86 gold pieces.

Inventory:

Hand Weapons
 a - a +0 trident (weapon)
Armour
 c - a +0 kite shield (worn)
 f - a +0 hat (worn)
 t - a +0 chain mail of poison resistance (worn)
Jewellery
 h - a +6 ring of dexterity (left hand)
 q - a +4 ring of evasion (right hand)
Wands
 d - a wand of digging (7)
Scrolls
 b - a scroll of acquirement {unknown}
 i - 2 scrolls of identify {unknown}
 j - a scroll of fog {unknown}
 k - a scroll of teleportation {unknown}
 o - 2 scrolls of enchant weapon {unknown}
 s - a scroll of noise {unknown}
Potions
 e - a potion of attraction {unknown}
 l - a potion of lignification {unknown}
 m - a potion of curing
 n - a potion of brilliance
 r - a potion of heal wounds {unknown}


   Skills:
 + Level 5.8 Fighting
 + Level 6.9 Polearms
 - Level 2.1 Armour
 - Level 3.0 Shields


You had 5 spell levels left.
You didn't know any spells.
Your spell library contained the following spells:

 Spells                   Type           Power      Damage    Failure   Level
 Sublimation of Blood     Necr           0%         N/A       100%        2
 Wereblood                Tmut           0%         N/A       100%        2
 Summon Hydra             Summ           0%         N/A       100%        7


Dungeon Overview and Level Annotations

Branches:
Dungeon (5/15)
 Temple: D:4-7

Altars:
Sif Muna

Annotations:
D:4 1 transporter, Dowan, Duvessa


Innate Abilities, Weirdness & Mutations

((You are quick and stealthy near water. (Stealth+, EV+, Speed+++)))
Your lower body shifts to a powerful aquatic tail in water.


Message History

The kobold hits you with a +2 short sword of flaming.
The kobold burns you. You block the kobold's attack.
You take 3 damage, and have 49/52 hp.
You closely miss the kobold. The kobold barely misses you.
You hit the kobold.
You kill the kobold!
You hit the ogre.
The ogre is lightly wounded.
The ogre hits you with a +0 giant club!!
Ouch! That really hurt!
You take 26 damage, and have 24/52 hp.
MASSIVE DAMAGE!!
You are too injured to fight recklessly!
You are too injured to fight recklessly!
You are too injured to fight recklessly!
Okay, then.
It was a potion of curing.
You feel better. You block the ogre's attack.
You regained 7 hp, and now have 32/52 hp.
It was a potion of brilliance.
You feel clever all of a sudden. The ogre hits you with a +0 giant club!
You take 9 damage, and have 23/52 hp.
It was a potion of magic.
Magic courses through your body.
It was a potion of berserk rage.
A red film seems to cover your vision as you go berserk!
You feel yourself moving faster!
You feel mighty!
The ogre hits you with a +0 giant club!!
* * * LOW HITPOINT WARNING * * *
You now have 13/78 hp.
You hit the ogre.
The ogre is moderately wounded.
The ogre barely misses you.
You puncture the ogre!
The ogre is heavily wounded.
You hit the ogre.
The ogre is severely wounded.
The ogre closely misses you.
You completely miss the ogre.
The ogre is severely wounded.
The ogre hits you with a +0 giant club!
You die...

#######..###
#..........#
#...........
#..........#
##.##.#.....#
#..##........
###>.##.....#
###..# ....##
#@O##......#
##.# .#......
### .. ...##
... ... ####
#


You could see an ogre.

Vanquished Creatures
  A scorpion (D:5)
  A bullfrog skeleton (D:5)
  Jessica (D:3)
  Terence (D:3)
  Natasha (D:2)
  An iguana (D:5)
  3 adders
  2 worms
  2 dart slugs (D:1)
  6 orcs (D:3)
  7 ball pythons
  4 endoplasms
  6 giant cockroaches
  A hobgoblin (D:3)
  3 jackals
  4 bats
  4 frilled lizards
  8 goblins
  5 kobolds
  6 rats
67 creatures vanquished.

Notes
Turn   | Place    | Note
-------+----------+-------------------------------------------
     0 | D:1      | gimp the Merfolk Fighter began the quest for the Orb.
     0 | D:1      | Reached XP level 1. HP: 18/18 MP: 1/1
   435 | D:1      | Reached XP level 2. HP: 24/24 MP: 2/2
   577 | D:1      | Found a faded altar of an unknown god.
   745 | D:1      | Reached skill level 4 in Polearms
   919 | D:2      | Reached XP level 3. HP: 30/30 MP: 3/3
   920 | D:2      | You fall into a shaft and drop 1 floor!
   928 | D:3      | Noticed Jessica
   948 | D:3      | Killed Jessica
  1108 | D:3      | Reached XP level 4. HP: 31/38 MP: 4/4
  1131 | D:3      | Reached skill level 5 in Polearms
  1290 | D:2      | Found a shimmering blue altar of Sif Muna.
  1796 | D:2      | Noticed Natasha
  1800 | D:2      | Upgraded the game from 0.28-a0-60-g54b5640690 to
                  | 0.28-a0-779-g3d1f99b579
  1803 | D:2      | Killed Natasha
  1804 | D:2      | Reached XP level 5. HP: 38/43 MP: 5/5
  2338 | D:3      | Reached skill level 5 in Fighting
  2486 | D:3      | Noticed Terence
  2547 | D:3      | Killed Terence
  2548 | D:3      | Reached skill level 6 in Polearms
  3001 | D:4      | Found a transporter.
  3067 | D:4      | Noticed Dowan
  3067 | D:4      | Noticed Duvessa
  3073 | D:5      | Entered Level 5 of the Dungeon
  3108 | D:5      | Reached XP level 6. HP: 30/52 MP: 6/6
  3260 | D:4      | Slain by an ogre

Illustrated notes

Levels and vault maps discovered:
D:1:      psy_arrival_basics, layout_basic,
          shapermc_ecumenical_altar_mp_vishouse, minmay_misc_feat_encased,
          minmay_pentomino_q2
D:2:      wad_crossroads, layout_basic, basic_altar,
          amcnicky_mini_rare_corridor_liquid, uniq_natasha
D:3:      layout_basic, uniq_terence, uniq_jessica
D:4:      gammafunk_wand_slinger, layout_rooms, nicolae_vehumet_altar_sigil,
          mainiacjoe_overflow_chevrons, minmay_temple_entry_hall, st_stairs_7,
          serial_bayou_pond_a, minivault_19, minmay_divided_ellipse,
          uniq_duvessa
D:5:      layout_loops_cross, mainiacjoe_overflow_brackets, solitary_fountain,
          amcnicky_mini_corridor_feature, minmay_misc_feat_plants, uniq_grinder

Skill      XL: |  1  2  3  4  5 |
---------------+----------------+-----
Polearms       | 4 5 6 |  6.9
Fighting       | 4 5 |  5.8
Armour         | |  2.1
Shields        | |  3.0

Action                   |  1- 3 |  4- 6 || total
-------------------------+-------+-------++-------
Melee: Trident           |    72 |   150 ||   222
  Use: Potion            |     1 |     4 ||     5
Armor: Scale mail        |    21 |    21 ||    42
       Chain mail        |       |     6 ||     6
Dodge: Dodged            |    17 |    37 ||    54
Block: Kite shield       |    30 |    64 ||    94

Table legend: (Time is in decaauts)
 A = Elapsed time spent in this place.
 B = Non-inter-level travel time spent in this place.
 C = Inter-level travel time spent in this place.
 D = Time resting spent in this place.
 E = Time spent auto-exploring this place.
 F = Levels seen in this place.
 G = Mean time per level.
                   A        B        C        D        E       F      G
               +--------+--------+--------+--------+--------+-----+--------+
         Total |   3340 |   3224 |    116 |    120 |   2483 |   5 |  668.0 |
       Dungeon |   3340 |   3224 |    116 |    120 |   2483 |   5 |  668.0 |
               +--------+--------+--------+--------+--------+-----+--------+

Top non-repeatable levels by time:
     D:3: 1177 daAuts
     D:1: 931 daAuts
     D:2: 926 daAuts
     D:5: 168 daAuts
     D:4: 136 daAuts
